 Dungeon Crawl Stone Soup version 0.23.2-1-ga50397a (webtiles) character file.

Game seed: 2151094811853946059

30 GuyDeFluk the Sneak (level 3, -6/16 HPs)
             Began as a Spriggan Enchanter on Apr 19, 2019.
             Mangled by Natasha (8 damage)
             ... on level 2 of the Dungeon.
             The game lasted 00:12:24 (2475 turns).

GuyDeFluk the Sneak (Spriggan Enchanter)            Turns: 2475, Time: 00:12:25

Health: -6/16      AC:  4    Str:  5    XL:     3   Next: 5%
Magic:  17/17      EV: 18    Int: 16    God:
Gold:   76         SH:  0    Dex: 16    Spells: 6/7 levels left

rFire    . . .     SeeInvis +   a - +1 dagger
rCold    . . .     Gourm    .   (shield restricted)
rNeg     . . .     Faith    .   b - +0 robe
rPois    .         Spirit   .   (helmet restricted)
rElec    .         Reflect  .   m - +1 cloak
rCorr    .         Harm     .   (gloves unavailable)
MR       .....                  (boots unavailable)
Stlth    +++.......             (no amulet)
HPRegen  0.05/turn              l - ring of magical power
MPRegen  0.15/turn              (no ring)

@: slowed, quick
A: very small, unfitting armour, see invisible, herbivore, speed 3, slow
metabolism 2
a: no special abilities


You were on level 2 of the Dungeon.
You were not hungry.

You visited 1 branch of the dungeon, and saw 2 of its levels.

You collected 76 gold pieces.

Inventory:

Hand Weapons
 a - a +1 dagger (weapon)
Armour
 b - a +0 robe (worn)
 m - a +1 cloak (worn)
Jewellery
 i - an uncursed amulet of the gourmand {unknown}
 k - an uncursed ring of flight {unknown}
 l - a ring of magical power (left hand)
Scrolls
 c - a scroll of magic mapping {unknown}
 h - a scroll of teleportation
Potions
 e - a potion of brilliance {unknown}
 g - 2 potions of lignification {unknown}
 n - a potion of curing {unknown}
Comestibles
 d - 4 rations


   Skills:
 + Level 2.4 Short Blades
 - Level 3.0 Dodging
 + Level 5.5 Stealth
 - Level 2.6 Spellcasting
 - Level 3.6 Hexes


You had 6 spell levels left.
You knew the following spells:

 Your Spells              Type           Power        Failure   Level  Hunger
a - Corona                Hex            ##.....      4%          1    #......

Your spell library contained the following spells:

 Spells                   Type           Power        Failure   Level  Hunger
 Confuse                  Hex            ##......     13%         3    ###....
 Tukima's Dance           Hex            ##......     13%         3    ###....
 Ensorcelled Hibernation  Hex/Ice        #.....       14%         2    ##.....
 Dazzling Spray           Conj/Hex       #.....       28%         3    ###....


Dungeon Overview and Level Annotations

Branches:
Dungeon (2/15)

Altars:
Fedhas
Okawaru

Annotations:
D:2 Natasha, Terence


Innate Abilities, Weirdness & Mutations

You are very small and have problems with some larger weapons.
You are too small for most types of armour.
You have supernaturally acute eyesight. (SInv)
You are a herbivore.
You cover ground extremely quickly.
You need to consume almost no food.


Message History

Natasha stares at you and mumbles some strange words.
You feel yourself slow down.
The crimson imp hits you but does no damage.
You closely miss the crimson imp.
The crimson imp is lightly wounded.
Natasha wildly gestures.
You feel disoriented. Natasha misses you. The crimson imp closely misses you.
Natasha casts a spell.
You hit the crimson imp.
The crimson imp is lightly wounded.
Natasha completely misses you. The crimson imp misses you. Natasha claws you.
* * * LOW HITPOINT WARNING * * *
The crimson imp hits you but does no damage.
The crimson imp completely misses you.
You hit the crimson imp.
The crimson imp is lightly wounded.
Natasha closely misses you.
The crimson imp blinks!
Natasha claws you!
Ouch! That really hurt!
You die...

######## #..[...######
#.#.........#
#.#.##.####(###.#
#.#.##..........#
#.#.#######.###.#.### ##
..#.#..>...............
###.#........######.#. ###
###.#.......5((5@§#.. #..
....#.(..#...####h#.########
#.. #####....#.).#
#5#<........ #.. #....#...#
#.##h##########.. #....#...#
#.##.##..(....#.. #....#...#
#....##.#####.#.. #....#...#
#######.#........ #....#...#
#.#.###.†..
###'##...########
#.#+#<...##


You could see Natasha, 2 crimson imps and a white imp.

Vanquished Creatures
  A leopard gecko (D:1)
  A ball python (D:2)
  2 giant cockroaches (D:2)
  4 goblins
  5 hobgoblins (D:1)
  5 bats
  2 frilled lizards (D:1)
  4 kobolds
  2 rats (D:1)
26 creatures vanquished.

Notes
Turn   | Place    | Note
-------+----------+-------------------------------------------
     0 | D:1      | GuyDeFluk the Spriggan Enchanter began the quest for the
                  | Orb.
     0 | D:1      | Reached XP level 1. HP: 9/9 MP: 5/5
  1031 | D:1      | Reached skill level 5 in Stealth
  1031 | D:1      | Reached XP level 2. HP: 8/13 MP: 6/6
  1994 | D:2      | Noticed Natasha
  2128 | D:2      | Found a blossoming altar of Fedhas.
  2200 | D:2      | Found an iron altar of Okawaru.
  2201 | D:2      | Noticed Terence
  2348 | D:2      | Reached XP level 3. HP: 16/16 MP: 8/8
  2475 | D:2      | Mangled by Natasha

Skill      XL: |  1  2 |
---------------+-------+-----
Stealth        | 5 |  5.5
Short Blades   | 2 |  2.4
Dodging        | |  3.0
Spellcasting   | |  2.6
Hexes          | |  3.6

Action                   || total
-------------------------++-------
Melee: Dagger            ||   127
  Use: Scroll            ||     4
 Stab: Sleeping          ||     7
       Distracted        ||     2
Armor: Robe              ||    23
Dodge: Dodged            ||   112
